 Dungeon Crawl Stone Soup version 0.31-a0-175-g9f7f995f2b (webtiles) character file.

Game seed: 14683290667008933184

263 qw the Shooter (level 6, -2/56 HPs)
             Began as a Naga Hunter on June 17, 2023.
             Killed by nerve-wracking pain
             ... invoked by Grinder
              (14 damage)
             ... on level 3 of the Dungeon.
             The game lasted 00:00:47 (1767 turns).

qw the Shooter (Naga Hunter)                        Turns: 1767, Time: 00:00:48

Health: -2/56      AC:  3    Str: 17    XL:     6   Next: 19%
Magic:  6/6        EV: 11    Int:  5    God:
Gold:   236        SH:  0    Dex: 20    Spells: 5/5 levels left

rFire   + . .        Y - +0 shortbow
rCold   x . .        (shield currently unavailable)
rNeg    . . .        c - +0 leather armour
rPois   +            (no helmet)
rElec   .            (no cloak)
rCorr   .            (no gloves)
SInv    +            (no barding)
Will    .....        (no amulet)
Stlth   ++           a - ring "Wenayrr" {Fire rPois Str+3 Int-4 Dex+4}
HPRegen 0.29/turn    (no ring)
MPRegen 0.10/turn

%: no passive effects
@: very slow
A: AC +2, large, see invisible, deformed body, poison resistance, slowness 2,
spit poison 1, naga tail 1
a: Spit Poison


You were on level 3 of the Dungeon.
You visited 1 branch of the dungeon, and saw 3 of its levels.
You also visited: Sewer.

You collected 236 gold pieces.


Innate Abilities, Weirdness & Mutations

Your serpentine skin is tough. (AC +2)
You have supernaturally acute eyesight. (SInv)
Armour fits poorly on your strangely shaped body.
Your system is resistant to poisons. (rPois)
You cover ground very slowly.
You can spit poison.
You have a snake-like lower body.


   Skills:
 - Level 3.3 Fighting
 + Level 5.2 Ranged Weapons
 - Level 3.2 Dodging
 - Level 1.5 Stealth


You had 5 spell levels left.
You didn't know any spells.
Your spell library was empty.

Inventory:

Hand Weapons
 Y - a +0 shortbow (weapon)
Armour
 c - a +0 leather armour (worn)
Jewellery
 a - the ring "Wenayrr" (left hand) {Fire rPois Str+3 Int-4 Dex+4}
   (You found it on level 2 of the Dungeon)

   [ring of fire]

   It enhances your fire magic.
   Str:       It affects your strength (+3).
   Int:       It affects your intelligence (-4).
   Dex:       It affects your dexterity (+4).
   rF:        It protects you from fire.
   rC:        It makes you vulnerable to cold.
   rPois:     It protects you from poison.
Scrolls
 d - a scroll of identify
Potions
 b - a potion of haste {unknown}
 e - a potion of curing
 f - a potion of brilliance {unknown}
 j - 2 potions of lignification {unknown}

Dungeon Overview and Level Annotations

Branches:
Dungeon (3/15)              Sewer (visited)

Altars:

Annotations:
D:3 Grinder


Message History

Grinder is heavily wounded.
You shoot an arrow. The arrow hits Grinder.
Grinder is heavily wounded.
You shoot an arrow. The arrow hits Grinder.
Grinder is heavily wounded.
You shoot an arrow. The arrow hits Grinder.
Grinder is heavily wounded.
You shoot an arrow. The arrow barely misses Grinder.
Grinder gestures at you.
You struggle to resist.
You shoot an arrow. The arrow barely misses Grinder.
You shoot an arrow.
The arrow hits Grinder but does no damage.
Grinder is heavily wounded.
Grinder hits you!
You writhe in agony.
You shoot an arrow. The arrow closely misses Grinder.
Grinder hits you!
You writhe in agony.
You shoot an arrow. The arrow closely misses Grinder.
Grinder closely misses you.
You shoot an arrow. The arrow hits Grinder.
Grinder is heavily wounded.
Grinder closely misses you. Grinder barely misses you.
You shoot an arrow. The arrow hits Grinder.
Grinder is heavily wounded.
Grinder hits you!
You writhe in agony.
You shoot an arrow. The arrow closely misses Grinder.
Grinder hits you.
You writhe in agony.
You shoot an arrow. The arrow hits Grinder.
Grinder is severely wounded.
Grinder says, "What is the universe for?"
Grinder hits you.
You writhe in agony.
You shoot an arrow. The arrow hits Grinder.
Grinder is severely wounded.
Grinder hits you.
You shoot an arrow.
The arrow hits Grinder but does no damage.
Grinder is severely wounded.
Grinder gestures at you. Pain shoots through your body!
You die...

#. ... #. ..
######. <.
#...... #.
#.##%## #.
####.#...#
##.##
#.........
#..5#####
#.........
#@....#
#...~~~.%.
#....###.#
#..~~~~~..
#.#.## #.#
#..~~.~~.. #
#. #.#
#..~~~~~.. #.
#.# #...~~~...
#.
#.###.........
#.
#.##..........
..
#.##.###.....#
#........#####


You could see Grinder.

Vanquished Creatures
  A water moccasin (Sewer)
  A sleepcap (D:1)
  Natasha (D:3)
  A gnoll (D:1)
  2 adders
  3 dart slugs
  3 ball pythons
  13 bats
  5 endoplasms
  3 giant cockroaches
  7 goblins
  5 hobgoblins
  4 jackals
  3 kobolds
  3 quokkas (D:1)
  4 frilled lizards
  9 rats
68 creatures vanquished.

Notes
Turn   | Place    | Note
-------+----------+-------------------------------------------
     0 | D:1      | qw the Naga Hunter began the quest for the Orb.
     0 | D:1      | Reached XP level 1. HP: 19/19 MP: 1/1
     0 | D:1      | 0 ||| qw: Version: 0.3-a-2-g5ab2908
     0 | D:1      | 0 ||| qw: Game counter: 224
     0 | D:1      | 0 ||| qw: Always use a shield: true
     0 | D:1      | 0 ||| qw: God list: Okawaru
     0 | D:1      | 0 ||| qw: Allow faded altars: false
     0 | D:1      | 0 ||| qw: Do Orc after D:15 true
     0 | D:1      | 0 ||| qw: Do second Lair branch before Depths: true
     0 | D:1      | 0 ||| qw: Lair rune preference: random
     0 | D:1      | 0 ||| qw: Plans: Normal
     0 | D:1      | 0 ||| PLANNING D:1-11
    19 | D:1      | 19 ||| INVOKING Spit Poison.
    37 | D:1      | 37 ||| INVOKING Spit Poison.
    38 | D:1      | 38 ||| INVOKING Spit Poison.
    42 | D:1      | Reached skill level 4 in Ranged Weapons
    42 | D:1      | Reached XP level 2. HP: 26/26 MP: 2/2
    64 | D:1      | 64 ||| INVOKING Spit Poison.
    74 | D:1      | 74 ||| INVOKING Spit Poison.
    87 | D:1      | 87 ||| INVOKING Spit Poison.
    96 | D:1      | 96 ||| INVOKING Spit Poison.
   166 | D:1      | 166 ||| INVOKING Spit Poison.
   198 | D:1      | 198 ||| INVOKING Spit Poison.
   213 | D:1      | 213 ||| INVOKING Spit Poison.
   279 | D:1      | 279 ||| INVOKING Spit Poison.
   283 | D:1      | 283 ||| INVOKING Spit Poison.
   286 | D:1      | Reached XP level 3. HP: 28/32 MP: 3/3
   289 | D:1      | 289 ||| INVOKING Spit Poison.
   317 | D:1      | 317 ||| INVOKING Spit Poison.
   320 | D:1      | 320 ||| INVOKING Spit Poison.
   324 | D:1      | 324 ||| INVOKING Spit Poison.
   377 | D:1      | 377 ||| INVOKING Spit Poison.
   386 | D:1      | 386 ||| INVOKING Spit Poison.
   391 | D:1      | 391 ||| INVOKING Spit Poison.
   424 | D:1      | 424 ||| INVOKING Spit Poison.
   451 | D:1      | 451 ||| INVOKING Spit Poison.
   501 | D:1      | 501 ||| INVOKING Spit Poison.
   510 | D:1      | 510 ||| INVOKING Spit Poison.
   515 | D:1      | 515 ||| INVOKING Spit Poison.
   685 | D:1      | 685 ||| READING scroll labelled JOQAYM AGGON.
   686 | D:1      | 686 ||| READING scroll labelled HUZOZE IBUSEKY.
   687 | D:1      | 687 ||| READING scroll labelled MIOSHR UCAA.
   688 | D:1      | 688 ||| READING scroll labelled COAC BINAWILOE.
   689 | D:1      | 689 ||| DROPPING scroll of butterflies.
   720 | D:2      | 720 ||| INVOKING Spit Poison.
   725 | D:2      | 725 ||| INVOKING Spit Poison.
   727 | D:2      | 727 ||| STAIRDANCE
   734 | D:1      | HP: 6/32 [sleepcap (4)]
   737 | D:1      | Reached skill level 5 in Ranged Weapons
   737 | D:1      | Reached XP level 4. HP: 9/39 MP: 4/4
   887 | D:2      | 887 ||| INVOKING Spit Poison.
   909 | D:2      | Identified the ring "Wenayrr" {Fire rPois Str+3 Int-4
                  | Dex+4}
   917 | D:2      | Identified the +0 short sword of Tecyet {vamp, Stlth+}
   937 | D:2      | 937 ||| INVOKING Spit Poison.
   942 | D:2      | 942 ||| INVOKING Spit Poison.
   967 | D:2      | 967 ||| INVOKING Spit Poison.
   976 | D:2      | 976 ||| INVOKING Spit Poison.
   984 | D:2      | 984 ||| INVOKING Spit Poison.
   987 | D:2      | 987 ||| INVOKING Spit Poison.
  1001 | D:2      | 1001 ||| INVOKING Spit Poison.
  1023 | D:2      | 1023 ||| INVOKING Spit Poison.
  1041 | D:2      | 1041 ||| INVOKING Spit Poison.
  1044 | D:2      | 1044 ||| INVOKING Spit Poison.
  1048 | D:2      | 1048 ||| INVOKING Spit Poison.
  1054 | D:2      | 1054 ||| INVOKING Spit Poison.
  1082 | D:2      | 1082 ||| INVOKING Spit Poison.
  1125 | D:2      | 1125 ||| INVOKING Spit Poison.
  1285 | D:2      | 1285 ||| INVOKING Spit Poison.
  1346 | D:2      | 1346 ||| UPGRADING to ring "Wenayrr" {Fire rPois Str+3
                  | Int-4 Dex+4}.
  1366 | D:3      | 1366 ||| PLANNING SEWER
  1378 | D:3      | Noticed Natasha
  1379 | D:3      | 1379 ||| INVOKING Spit Poison.
  1382 | D:3      | 1382 ||| INVOKING Spit Poison.
  1385 | D:3      | Killed Natasha
  1386 | D:3      | Reached skill level 3 in Fighting
  1386 | D:3      | Reached XP level 5. HP: 32/49 MP: 5/5
  1449 | D:3      | Found a glowing drain.
  1450 | D:3      | 1450 ||| INVOKING Spit Poison.
  1456 | D:3      | 1456 ||| INVOKING Spit Poison.
  1478 | Sewer    | Entered a sewer
  1479 | Sewer    | 1479 ||| INVOKING Spit Poison.
  1485 | Sewer    | 1485 ||| INVOKING Spit Poison.
  1504 | Sewer    | Noticed a water moccasin
  1516 | Sewer    | Killed a water moccasin
  1517 | Sewer    | Reached skill level 3 in Dodging
  1517 | Sewer    | Reached XP level 6. HP: 17/56 MP: 6/6
  1520 | Sewer    | HP: 14/56 [poisoned by a water moccasin]
  1718 | D:3      | 1718 ||| PLANNING D:1-11
  1748 | D:3      | Noticed Grinder
  1766 | D:3      | HP: 12/56 [Grinder (5)]
  1767 | D:3      | Killed from afar by Grinder

Levels and vault maps discovered:
D:1:      lightli_arrival_maybe_door_vault, layout_loops_ring,
          chequers_serial_rivers_micro_b, minmay_tiny_reverse_x
D:2:      cheibrodos_helix_gallery, layout_rooms, dreamdust_princess_bridge
D:3:      kennysheep_big_flooded_room, layout_loops_ring, pf_just_have_faith,
          fedhas_altar_3, portal_sewer_entry_a, minmay_cupped, uniq_natasha,
          uniq_grinder

Skill      XL: |  1  2  3  4  5 |
---------------+----------------+-----
Ranged Weapons | 4 5 |  5.2
Fighting       | 3 |  3.3
Dodging        | 3 |  3.2
Stealth        | |  1.5

Action                     |  1- 3 |  4- 6 || total
---------------------------+-------+-------++-------
   Fire: Shortbow          |    61 |    83 ||   144
Ability: Spit Poison       |    25 |    22 ||    47
    Use: Scroll            |     4 |       ||     4
 Armour: Leather armour    |    17 |    11 ||    28
  Dodge: Dodged            |    20 |    18 ||    38

Table legend:
 A = Non-vault XP
 B = Vault XP
 C = Vault XP percentage of total XP
 D = Non-vault monster count
 E = Vault monster count
 F = Vault count percentage of total count
                 A         B        C        D         E       F
            +---------+---------+-------+---------+---------+-------
      Total |     159 |     218 |  57.8 |      53 |      15 |  22.1
            +---------+---------+-------+---------+---------+-------
        D:1 |     103 |       4 |   3.7 |      30 |       2 |   6.2
        D:2 |      54 |       2 |   3.6 |      22 |       2 |   8.3
        D:3 |       2 |      54 |  96.4 |       1 |       5 |  83.3
      Sewer |       0 |     158 | 100.0 |       0 |       6 | 100.0
            +---------+---------+-------+---------+---------+-------
